Map: [ESL] Royal Blood

Players

PiG - Winner!

  • Race: Terran Terran
  • League: Master
  • Spawn Location: 1:00

Silbe

  • Race: Zerg Zerg
  • Spawn Location: 7:00

VOD

https://www.youtube.com/playlist?list=PLOrKQEirgvjBrkg_LERyoNc_WYX2C2tgI

Description

Time

  • Played on: Aug. 15, 2023, 8:25 p.m.
  • Length: 10:53
Show
View Real Time Build Order
Export as new Build Order

PiG Terran - Winner!

Build Orders:  

Get SALT Encoding   

  12  0:00  SCV  
  13  0:12  SCV  
  14  0:17  Supply Depot  
  14  0:24  SCV  
  15  0:39  Barracks, SCV  
  16  0:43  Refinery  
  16  0:51  SCV  
  17  1:03  SCV  
  18  1:15  SCV  
  19  1:27  Barracks Reactor  
  19  1:28  Orbital Command  
  19  1:41  Command Center  
  19  1:51  Supply Depot  
  19  1:54  SCV  
  20  2:05  Marine x2  
  20  2:06  SCV  
  23  2:12  Factory  
  23  2:18  SCV  
  24  2:23  Refinery  
  24  2:28  Bunker  
  24  2:29  Marine  
  25  2:31  SCV  
  26  2:47  SCV  
  27  2:52  Marine x2  
  27  2:53  Orbital Command  
  29  3:02  Factory Tech Lab, Starport  
  29  3:04  SCV  
  30  3:10  Marine x2  
  32  3:19  SCV x2  
  34  3:27  Marine  
  34  3:28  Marine  
  34  3:29  Siege Tank  
  34  3:31  SCV x2  
  41  3:34  Supply Depot  
  41  3:43  Viking, SCV x2  
  45  3:52  Marine  
  46  3:55  Marine  
  46  3:56  SCV x2  
  46  3:57  Supply Depot  
  49  4:08  SCV x2  
  51  4:13  Marine x2  
  53  4:18  Starport Reactor  
  53  4:20  SCV x2  
  53  4:21  Factory Reactor, Supply Depot  
  55  4:32  SCV  
  55  4:35  SCV  
  57  4:39  Marine x2  
  57  4:44  SCV  
  60  4:47  SCV  
  60  4:49  Barracks x2  
  60  4:50  Barracks  
  61  4:53  Barracks  
  61  4:55  Supply Depot  
  61  4:56  Marine, SCV  
  61  4:57  Marine  
  61  4:59  SCV  
  65  5:01  Refinery  
  65  5:03  Refinery, Engineering Bay  
  65  5:08  SCV  
  66  5:17  Factory Tech Lab  
  66  5:20  Starport Reactor  
  66  5:42  Barracks Tech Lab  
  66  5:44  SCV x2  
  66  5:48  Marauder, Marine x2  
  66  5:49  Marine x4  
  76  5:56  SCV  
  77  5:58  Supply Depot x2  
  77  6:01  Supply Depot  
  77  6:03  Combat Shield  
  77  6:04  Stimpack  
  77  6:06  Marine  
  77  6:07  Terran Infantry Weapons Level 1  
  78  6:19  Marine x3, Siege Tank  
  78  6:20  Marauder x2, Marine x2  
  78  6:24  Marine  
  91  6:26  Supply Depot  
  91  6:28  Supply Depot  
  91  6:30  Medivac  
  91  6:31  Medivac  
  95  6:37  Marine x3  
  95  6:38  Marine x2  
  100  6:41  Marauder  
  102  6:48  Marauder  
  102  6:52  Siege Tank  
  107  6:56  Supply Depot  
  107  6:57  Supply Depot  
  107  7:02  Marauder  
  107  7:03  Marine x6  
  115  7:09  Marauder  
  117  7:18  Medivac x2  
  117  7:20  Supply Depot  
  117  7:21  Marine x4, Supply Depot  
  117  7:22  Concussive Shells  
  125  7:24  Marauder, Siege Tank  
  130  7:34  Marine, Marauder  
  130  7:35  Marine  
  134  7:45  Marauder, Supply Depot  
  134  7:47  Supply Depot  
  138  7:58  Marauder  
  138  7:59  Marine x6  
  144  8:06  Siege Tank  
  144  8:07  Marauder  
  144  8:10  Supply Depot  
  149  8:16  Marine  
  149  8:17  Marine  
  153  8:20  Marauder  
  153  8:28  Marauder  
  155  8:57  Marauder x2, Marine x6  
  155  8:58  Siege Tank  
  155  8:59  Medivac x2  
  155  9:01  Supply Depot  
  172  9:03  Supply Depot  
  171  9:15  Marine x3  
  174  9:17  Marine  
  174  9:22  Marine  
  174  9:23  Marauder  
  177  9:26  Supply Depot x2  
  176  9:46  Marauder x2  
  176  9:47  Marine x2  
  176  9:48  Marine  
  176  9:51  Marine  
Show
View Real Time Build Order
Export as new Build Order

Silbe Zerg 

Build Orders: Hatch First 

Get SALT Encoding   

  12  0:00  Drone  
  13  0:10  Drone  
  14  0:19  Overlord  
  14  0:42  Hatchery  
  13  0:48  Drone  
  14  0:50  Drone  
  14  0:54  Drone  
  16  1:11  Extractor, Spawning Pool  
  16  1:15  Drone  
  15  1:21  Overlord  
  15  1:27  Drone  
  16  1:35  Drone  
  17  1:42  Drone  
  18  2:03  Hatchery, Drone  
  18  2:08  Drone  
  19  2:11  Drone  
  20  2:22  Queen  
  21  2:34  Overlord  
  21  2:35  Extractor  
  20  2:42  Queen  
  22  2:46  Drone  
  22  2:50  Drone  
  24  2:53  Drone  
  24  2:57  Drone  
  26  3:11  Roach Warren  
  25  3:17  Drone  
  26  3:25  Queen  
  28  3:29  Drone  
  29  3:42  Drone x4  
  33  3:53  Lair  
  33  3:56  Drone  
  33  4:01  Drone  
  35  4:03  Drone  
  35  4:07  Drone  
  35  4:08  Drone  
  38  4:11  Drone  
  38  4:13  Drone  
  38  4:16  Drone  
  41  4:18  Drone  
  41  4:21  Drone  
  41  4:22  Drone  
  44  4:27  Overlord  
  44  4:31  Overlord  
  44  4:41  Overlord  
  44  4:42  Overlord  
  44  4:48  Roach x3  
  44  4:50  Roach  
  44  4:52  Roach  
  54  4:56  Queen  
  56  5:00  Roach  
  56  5:01  Drone  
  56  5:05  Drone x2  
  61  5:12  Drone x2  
  63  5:15  Roach  
  63  5:19  Drone x2  
  63  5:21  Roach  
  69  5:23  Roach  
  69  5:25  Roach  
  73  5:32  Pneumatized Carapace, Drone  
  74  5:45  Overlord x4  
  74  5:46  Overlord x2  
  74  5:55  Overlord  
  74  5:56  Overlord x3  
  74  6:08  Drone x3  
  74  6:09  Drone x3  
  80  6:13  Drone  
  80  6:14  Roach x3  
  80  6:15  Roach  
  80  6:16  Roach  
  91  6:19  Roach  
  91  6:21  Roach  
  91  6:23  Roach  
  91  6:25  Roach  
  99  6:27  Drone  
  99  6:31  Extractor  
  99  6:33  Extractor  
  98  6:44  Drone x5  
  98  6:45  Drone x3  
  106  6:49  Drone  
  106  6:50  Drone x4  
  106  6:51  Drone  
  114  6:59  Roach  
  114  7:03  Roach x2  
  120  7:08  Roach  
  120  7:16  Roach x2  
  124  7:27  Evolution Chamber  
  123  7:30  Evolution Chamber  
  123  7:35  Roach x2  
  123  7:36  Roach x6  
  123  7:37  Roach x2  
  142  7:45  Roach x2  
  146  7:52  Hatchery  
  145  8:19  Roach x4  
  147  9:31  Queen  
  147  9:35  Roach  
  147  9:36  Roach x3  
  147  9:37  Roach x2  
  128  9:49  Spine Crawler  
  128  9:50  Spine Crawler  
  128  9:51  Spine Crawler  
  128  9:52  Spine Crawler  
  98  10:12  Drone x4  
Tags
 
Add a new tag
Caveats
  • Supply blocks, unpowered buildings, or Contaminate may cause inaccurate times.
  • Supply counts are checked every 10 seconds.